 Dungeon Crawl Stone Soup version 0.14-a0-40-g75911bd (webtiles) character file.

193 Malachi the Grave Robber (level 3, -3/26 HPs)
             Began as a Ghoul Necromancer on Sept 28, 2013.
             Slain by Ijyb
             ... wielding a +4,+4 club
              (4 damage)
             ... on Level 2 of the Dungeon.
             The game lasted 00:03:00 (1540 turns).

Malachi the Grave Robber (Ghoul Necromancer)        Turns: 1540, Time: 00:03:00

HP  -3/26        AC  2     Str 11      XL: 3   Next: 62%
MP   5/5         EV 12     Int 11      God:
Gold 149         SH  0     Dex  9      Spells:  1 memorised,  3 levels left

Res.Fire  : . . .   See Invis. : .   k - +3,+2 dwarf dagger (venom)
Res.Cold  : + . .   Warding    : .   a - +0 robe
Life Prot.: + + +   Conserve   : .   (no shield)
Res.Poison: +       Res.Corr.  : .   (no helmet)
Res.Elec. : .       Clarity    : .   (no cloak)
Sust.Abil.: . .     Spirit.Shd : .   (no gloves)
Res.Mut.  : .       Stasis     : .   (no boots)
Res.Rott. : +       Flight     : .   (no amulet)
Saprovore : + + +                    (no ring)
                                     (no ring)

@: rotting, not resistant to hostile enchantments, unstealthy
A: rotting body, claws 1, carnivore 3, cold resistance 1, life protection 3,
poison resistance, saprovore 3, slow healing 1, torment resistance, unbreathing
a: no special abilities


You were on level 2 of the Dungeon.
You were not hungry.

You visited 1 branch of the dungeon, and saw 2 of its levels.

You collected 129 gold pieces.

Inventory:

Hand weapons
 k - a +3,+2 dwarven dagger of venom (weapon)
Armour
 a - a +0 robe (worn)
Comestibles
 i - a meat ration
Scrolls
 c - a scroll of magic mapping {unknown}
 d - a scroll of recharging {unknown}
 e - a scroll of enchant weapon I {unknown}
 f - a scroll of random uselessness {unknown}
 g - 4 scrolls of remove curse {unknown}
 o - 4 scrolls of identify {unknown}
 r - a scroll of curse armour {unknown}
 t - a scroll of blinking {unknown}
Jewellery
 q - an uncursed ring of flight {unknown}
Potions
 j - 2 potions of heal wounds {unknown}
 n - a potion of mutation {unknown}
 p - a potion of degeneration {unknown}
 s - 2 potions of curing {unknown}
Books
 b - a book of Necromancy

   Spells                             Type                      Level
   *Pain                              Necromancy                   1
   Animate Skeleton                   Necromancy                   1
   Lethal Infusion                    Charms/Necromancy            2
   Vampiric Draining                  Necromancy                   3
   Regeneration                       Charms/Necromancy            3
   Animate Dead                       Necromancy                   4
   Control Undead                     Necromancy                   4


   Skills:
 + Level 0.1 Short Blades
 - Level 1.7 Dodging
 - Level 2.1 Stealth
 + Level 0.2 Unarmed Combat
 + Level 1.2 Spellcasting
 * Level 5.0 Necromancy


You had 3 spell levels left.
You knew the following spells:

 Your Spells              Type           Power        Failure   Level  Hunger
a - Pain                  Necr           ##..         4%          1    ##.....


Dungeon Overview and Level Annotations

Branches:
Dungeon (2/27)

Altars:
the Shining One

Annotations:
D:2 Ijyb


Innate Abilities, Weirdness & Mutations

Your body is rotting away.
You have sharp fingernails.
You are carnivorous and can eat meat at any time.
Your flesh is cold resistant.
You are immune to negative energy.
Your system is resistant to poisons.
You thrive on rotten meat.
You heal slowly.
You are immune to unholy pain and torment.
You can survive without breathing.


Message History

Okay, then.
You hit the giant cockroach.
The giant cockroach is poisoned.
The giant cockroach is heavily wounded.
The giant cockroach closely misses you.
You kill the giant cockroach!
Ijyb screams, "No!
No, no, no, no!"
There is an open door here.
Eat a chunk of adder flesh? (ye/n/q/i?) This raw flesh tastes good!
Ijyb closely misses you.
You continue eating.
Ijyb hits you but does no damage.
You continue eating.
You hit Ijyb.
Ijyb is almost dead.
Ijyb hits you with a club.
* * * LOW HITPOINT WARNING * * *
You closely miss Ijyb.
Ijyb is almost dead.
Ijyb hits you with a club.
You die...

############
#..........# #######
#.########.##
########.....######.#
#.......#
.......'.....'Kg@...#
#.......#
########.....####)#.#
#.......# #.....#
#.#.###......)###
#.....#
#.#.##...........
#.....#
#.#.##......)..##
#.....#
#.#.##.#######.##
#.....#
#..>##.#........#
#######
#.#.##.#.#####..#
#.#.##.#<....#..#


You could see Ijyb and a kobold.

Vanquished Creatures
  2 adders (D:2)
  A giant cockroach (D:2)
  5 goblins
  5 hobgoblins
  2 bats
  A giant newt (D:2)
  5 kobolds
  8 rats
29 creatures vanquished.

Notes
Turn   | Place    | Note
--------------------------------------------------------------
     0 | D:1      | Malachi, the Ghoul Necromancer, began the quest for the Orb.
     0 | D:1      | Reached XP level 1. HP: 14/14 MP: 3/3
   253 | D:1      | Reached XP level 2. HP: 17/20 MP: 4/4
   448 | D:1      | HP: 1/20 [hobgoblin (1)]
   642 | D:1      | Found a glowing golden altar of the Shining One.
  1030 | D:2      | Reached XP level 3. HP: 10/25 MP: 5/5
  1406 | D:2      | Reached skill level 5 in Necromancy
  1491 | D:2      | Noticed Ijyb
  1503 | D:2      | HP: 1/26 [Ijyb/club (7)]
  1539 | D:2      | HP: 1/26 [Ijyb/club (3)]
  1540 | D:2      | Slain by Ijyb

Action                   || total
-------------------------++-------
Melee: Dagger            ||    70
       Unarmed           ||     1
 Cast: Pain              ||    17
 Stab: Sleeping          ||     1
